TOP OF THE 1ST |
Charleston RiverDogs batting - Pitching for Quad Cities River Bandits : RHP Isaiah McLaurin
|
Pitching: RHP Isaiah McLaurin
|
|
Batting: LHB Justin O'Neal
|
0-0: Ball 1-0: Called Strike 1-1: Foul Ball, location: 2F 1-2: Strikes out swinging
|
Batting: SHB Corey Penson
|
0-0: Called Strike 0-1: Ball 1-1: Called Strike 1-2: Ball 2-2: SINGLE (Groundball, 6D, EV 106.9 MPH)
|
Batting: LHB Steve LeGrand
|
0-0: Called Strike Pickoff Throw to First - Out! 1-3 0-1: Fly out, F7 (Flyball, 7, EV 94.4 MPH)
|
Top of the 1st over - 0 runs, 1 hit, 0 errors, 0 left on base; Charleston 0 - Quad Cities 0 |
BOTTOM OF THE 1ST |
Quad Cities River Bandits batting - Pitching for Charleston RiverDogs : RHP Bobby Kosmicki
|
Pitching: RHP Bobby Kosmicki
|
|
Batting: LHB Glenn Lowther
|
0-0: Ball 1-0: Foul Ball, location: 2F 1-1: DOUBLE (Line Drive, 9LM, EV 108.8 MPH)
|
Batting: RHB Sean Mounts
|
0-0: Ball 1-0: Called Strike Glenn Lowther steals 3rd base 1-1: Called Strike 1-2: Strikes out looking
|
Batting: LHB Danny Wolver
|
0-0: Called Strike 0-1: Ball 1-1: Called Strike 1-2: Strikes out looking
|
Batting: RHB Andrew Pride
|
0-0: Called Strike 0-1: Foul Ball, location: 2F 0-2: Fly out, F7 (Flyball, 78M, EV 75.0 MPH)
|
Bottom of the 1st over - 0 runs, 1 hit, 0 errors, 1 left on base; Charleston 0 - Quad Cities 0 |
TOP OF THE 2ND |
Charleston RiverDogs batting - Pitching for Quad Cities River Bandits : RHP Isaiah McLaurin
|
Batting: RHB Bill Nguyen-Tan
|
0-0: Ground out 6-3 (Groundball, 6, EV 88.1 MPH)
|
Batting: RHB Iften Olujimi
|
0-0: Fly out, F8 (Flyball, 8LXD, EV 88.8 MPH)
|
Batting: RHB Jonathan Iniguez
|
0-0: Called Strike 0-1: Swinging Strike 0-2: Strikes out swinging
|
Top of the 2nd over - 0 runs, 0 hits, 0 errors, 0 left on base; Charleston 0 - Quad Cities 0 |
BOTTOM OF THE 2ND |
Quad Cities River Bandits batting - Pitching for Charleston RiverDogs : RHP Bobby Kosmicki
|
Batting: RHB Edgar Trejo
|
0-0: DOUBLE (Line Drive, 78XD, EV 100.0 MPH)
|
Batting: LHB Fernando Gomez
|
0-0: Ball 1-0: Ball 2-0: Called Strike 2-1: Swinging Strike 2-2: SINGLE (Groundball, 4MD, EV 104.4 MPH) Edgar Trejo to third Runner from 3rd tries for Home, SAFE, throw by CF to home
|
Batting: RHB Derek Moran
|
0-0: Fly out, F4 (Popup, 4M, EV 57.5 MPH)
|
Batting: RHB Reginald McDougall
|
0-0: Ball Fernando Gomez steals 2nd base (no throw) 1-0: Called Strike 1-1: Called Strike 1-2: Foul Ball, location: 2F 1-2: Ground out 3-1 (Groundball, 34S, EV 89.4 MPH) Fernando Gomez to third
|
Batting: RHB Ray Souza
|
0-0: Ground out 6-3 (Groundball, 6, EV 84.4 MPH)
|
Bottom of the 2nd over - 1 run, 2 hits, 0 errors, 1 left on base; Charleston 0 - Quad Cities 1 |
TOP OF THE 3RD |
Charleston RiverDogs batting - Pitching for Quad Cities River Bandits : RHP Isaiah McLaurin
|
Batting: RHB Nate Singleton
|
0-0: Swinging Strike 0-1: Ball 1-1: Ball 2-1: Foul Ball, location: 2F 2-2: Strikes out swinging
|
Batting: RHB Louwe Starmans
|
0-0: Ground out 2-3 (Groundball, 15S, EV 76.2 MPH)
|
Batting: RHB Bobby White
|
0-0: Called Strike 0-1: Called Strike 0-2: Ball 1-2: Ball 2-2: Foul Ball, location: 2F 2-2: Ball 3-2: Foul Ball, location: 2F 3-2: Base on Balls
|
Batting: LHB Justin O'Neal
|
0-0: Ball 1-0: Fly out, F7 (Flyball, 7S, EV 76.9 MPH)
|
Top of the 3rd over - 0 runs, 0 hits, 0 errors, 1 left on base; Charleston 0 - Quad Cities 1 |
BOTTOM OF THE 3RD |
Quad Cities River Bandits batting - Pitching for Charleston RiverDogs : RHP Bobby Kosmicki
|
Batting: LHB Glenn Lowther
|
0-0: Called Strike 0-1: Ball 1-1: Fly out, F8 (Line Drive, 8LM, EV 95.6 MPH)
|
Batting: RHB Sean Mounts
|
0-0: Fly out, F8 (Flyball, 8LD, EV 86.9 MPH)
|
Batting: LHB Danny Wolver
|
0-0: Foul Ball, location: 2F 0-1: Fly out, F8 (Flyball, 8RD, EV 106.2 MPH)
|
Bottom of the 3rd over - 0 runs, 0 hits, 0 errors, 0 left on base; Charleston 0 - Quad Cities 1 |
TOP OF THE 4TH |
Charleston RiverDogs batting - Pitching for Quad Cities River Bandits : RHP Isaiah McLaurin
|
Batting: SHB Corey Penson
|
0-0: Fly out, F8 (Flyball, 8LXD, EV 89.4 MPH)
|
Batting: LHB Steve LeGrand
|
0-0: Foul Ball, location: 2F 0-1: Ball 1-1: Foul Ball, location: 2F 1-2: Strikes out swinging
|
Batting: RHB Bill Nguyen-Tan
|
0-0: Foul Ball, location: 2F 0-1: Ground out 6-3 (Groundball, 6, EV 88.8 MPH)
|
Top of the 4th over - 0 runs, 0 hits, 0 errors, 0 left on base; Charleston 0 - Quad Cities 1 |
BOTTOM OF THE 4TH |
Quad Cities River Bandits batting - Pitching for Charleston RiverDogs : RHP Bobby Kosmicki
|
Batting: RHB Andrew Pride
|
0-0: Ball 1-0: Called Strike 1-1: Ball 2-1: Ball 3-1: Fly out, F7 (Line Drive, 7S, EV 92.5 MPH)
|
Batting: RHB Edgar Trejo
|
0-0: Ball 1-0: Ball 2-0: Called Strike 2-1: Called Strike 2-2: Ground out 3-1 (Groundball, 13, EV 88.8 MPH)
|
Batting: LHB Fernando Gomez
|
0-0: Ball 1-0: Called Strike 1-1: Called Strike 1-2: Ball 2-2: Foul Ball, location: 2F 2-2: Ground out 6-3 (Groundball, 6D, EV 101.9 MPH)
|
Bottom of the 4th over - 0 runs, 0 hits, 0 errors, 0 left on base; Charleston 0 - Quad Cities 1 |
TOP OF THE 5TH |
Charleston RiverDogs batting - Pitching for Quad Cities River Bandits : RHP Isaiah McLaurin
|
Batting: RHB Iften Olujimi
|
0-0: Called Strike 0-1: Swinging Strike 0-2: Strikes out swinging
|
Batting: RHB Jonathan Iniguez
|
0-0: Foul Ball, location: 2F 0-1: Ball 1-1: Swinging Strike 1-2: Foul Ball, location: 2F 1-2: Fly out, F8 (Flyball, 8RD, EV 93.1 MPH)
|
Batting: RHB Nate Singleton
|
0-0: Called Strike 0-1: Fly out, F7 (Line Drive, 7D, EV 96.2 MPH)
|
Top of the 5th over - 0 runs, 0 hits, 0 errors, 0 left on base; Charleston 0 - Quad Cities 1 |
BOTTOM OF THE 5TH |
Quad Cities River Bandits batting - Pitching for Charleston RiverDogs : RHP Bobby Kosmicki
|
Batting: RHB Derek Moran
|
0-0: Ground out 5-3 (Groundball, 56S, EV 78.1 MPH)
|
Batting: RHB Reginald McDougall
|
0-0: Ball 1-0: Called Strike 1-1: Ground out 4-3 (Groundball, 34, EV 86.9 MPH)
|
Batting: RHB Ray Souza
|
0-0: Ball 1-0: Called Strike 1-1: SINGLE (Groundball, 6MD, EV 105.6 MPH)
|
Batting: LHB Glenn Lowther
|
0-0: Ground out 1-3 (Groundball, 15S, EV 65.0 MPH)
|
Bottom of the 5th over - 0 runs, 1 hit, 0 errors, 1 left on base; Charleston 0 - Quad Cities 1 |
TOP OF THE 6TH |
Charleston RiverDogs batting - Pitching for Quad Cities River Bandits : RHP Isaiah McLaurin
|
Batting: RHB Louwe Starmans
|
0-0: Ball 1-0: Foul Ball, location: 2F 1-1: Swinging Strike 1-2: Strikes out looking
|
Batting: RHB Bobby White
|
0-0: Ball 1-0: Ground out 6-3 (Groundball, 6, EV 108.1 MPH)
|
Batting: LHB Justin O'Neal
|
0-0: Foul Ball, location: 2F 0-1: Ball 1-1: Foul Ball, location: 2F 1-2: Ball 2-2: Foul Ball, location: 2F 2-2: Foul Ball, location: 2F 2-2: SOLO HOME RUN (Flyball, 9LD, EV 93.1 MPH), Distance : 353 ft
|
Batting: SHB Corey Penson
|
0-0: SINGLE (Groundball, P, EV 85.0 MPH) (infield hit)
|
Batting: LHB Steve LeGrand
|
0-0: Ball 1-0: Ball 2-0: Ball 3-0: Base on Balls Corey Penson to second
|
Batting: RHB Bill Nguyen-Tan
|
0-0: Ball 1-0: Fielders Choice at 2nd, 5-4 (Groundball, 5L, EV 88.1 MPH)
|
Top of the 6th over - 1 run, 2 hits, 0 errors, 2 left on base; Charleston 1 - Quad Cities 1 |
BOTTOM OF THE 6TH |
Quad Cities River Bandits batting - Pitching for Charleston RiverDogs : RHP Bobby Kosmicki
|
Batting: RHB Sean Mounts
|
0-0: Ball 1-0: Swinging Strike 1-1: Swinging Strike 1-2: Strikes out swinging
|
Batting: LHB Danny Wolver
|
0-0: Called Strike 0-1: Ball 1-1: Called Strike 1-2: Ball 2-2: Ball 3-2: Base on Balls
|
Batting: RHB Andrew Pride
|
0-0: Ball 1-0: Ball 2-0: Ball 3-0: Called Strike 3-1: Foul Ball, location: 2F 3-2: Strikes out swinging Danny Wolver is caught stealing 2nd base 2-4 Batter strikes out.
|
Bottom of the 6th over - 0 runs, 0 hits, 0 errors, 0 left on base; Charleston 1 - Quad Cities 1 |
TOP OF THE 7TH |
Charleston RiverDogs batting - Pitching for Quad Cities River Bandits : RHP Isaiah McLaurin
|
Batting: RHB Iften Olujimi
|
0-0: Called Strike 0-1: Called Strike 0-2: Ball 1-2: Foul Ball, location: 2F 1-2: Foul Ball, location: 2F 1-2: Strikes out swinging
|
Batting: RHB Jonathan Iniguez
|
0-0: Swinging Strike 0-1: Foul Ball, location: 2F 0-2: Ball 1-2: Ball 2-2: Ball 3-2: Foul Ball, location: 2F 3-2: Hit by Pitch
|
Pinch Hitting: LHB Jeremiah Walker
|
0-0: Called Strike 0-1: Called Strike 0-2: Foul Ball, location: 2F 0-2: 2-RUN HOME RUN (Flyball, 9LD, EV 92.5 MPH), Distance : 340 ft
|
Batting: RHB Louwe Starmans
|
0-0: Called Strike 0-1: Foul Ball, location: 2F 0-2: Fly out, F7 (Flyball, 7, EV 92.5 MPH)
|
Batting: RHB Bobby White
|
0-0: Foul Ball, location: 2F 0-1: Ball 1-1: Ball 2-1: Ball 3-1: Base on Balls
|
Batting: LHB Justin O'Neal
|
0-0: Foul Ball, location: 2F 0-1: Ball 1-1: Ball 2-1: Foul Ball, location: 2F 2-2: Ball 3-2: Foul Ball, location: 2F 3-2: Base on Balls Bobby White to second
|
Batting: SHB Corey Penson
|
0-0: Foul Ball, location: 2F 0-1: Called Strike 0-2: Ground out 4-3 (Groundball, 4, EV 88.8 MPH)
|
Top of the 7th over - 2 runs, 1 hit, 0 errors, 2 left on base; Charleston 3 - Quad Cities 1 |
BOTTOM OF THE 7TH |
Quad Cities River Bandits batting - Pitching for Charleston RiverDogs : RHP Bobby Kosmicki
|
Now at SS: Mike Zern
|
|
Batting: RHB Edgar Trejo
|
0-0: Ball 1-0: Foul Ball, location: 2F 1-1: Ball 2-1: Ball 3-1: SINGLE (Line Drive, 4M, EV 108.8 MPH)
|
Batting: LHB Fernando Gomez
|
0-0: Fielders Choice at 2nd, 6-4 (Groundball, 6, EV 83.8 MPH)
|
Batting: RHB Derek Moran
|
0-0: Foul Ball, location: 2F 0-1: Swinging Strike 0-2: Foul Ball, location: 2F 0-2: Hit by Pitch Fernando Gomez to second
|
Pinch Hitting: LHB Jackson Trottier
|
0-0: Called Strike 0-1: Ball 1-1: Fielders Choice at 2nd, 1-6 (Groundball, P, EV 66.9 MPH) Fernando Gomez to third
|
Pitching: RHP Greg Ritchie
|
|
Batting: RHB Ray Souza
|
0-0: Called Strike 0-1: Fly out, F7 (Flyball, 7, EV 83.1 MPH)
|
Bottom of the 7th over - 0 runs, 1 hit, 0 errors, 2 left on base; Charleston 3 - Quad Cities 1 |
TOP OF THE 8TH |
Charleston RiverDogs batting - Pitching for Quad Cities River Bandits : RHP Isaiah McLaurin
|
Now in LF: Jackson Trottier
|
|
Now in CF: Glenn Lowther
|
|
Batting: LHB Steve LeGrand
|
0-0: Ball 1-0: Called Strike 1-1: Called Strike 1-2: Ball 2-2: Strikes out looking
|
Batting: RHB Bill Nguyen-Tan
|
0-0: Called Strike 0-1: Ball 1-1: DOUBLE (Flyball, 89XD, EV 110.6 MPH)
|
Pitching: RHP Carlos Zavala
|
|
Batting: RHB Iften Olujimi
|
0-0: Called Strike 0-1: Fly out, F8 (Line Drive, 8LD, EV 95.6 MPH)
|
Batting: RHB Jonathan Iniguez
|
0-0: Ball 1-0: Called Strike 1-1: Swinging Strike 1-2: Ball 2-2: Foul Ball, location: 2F 2-2: Ball 3-2: Base on Balls
|
Batting: RHB Mike Zern
|
0-0: Ball 1-0: Swinging Strike 1-1: Fly out, F9 (Flyball, 9LS, EV 96.9 MPH)
|
Top of the 8th over - 0 runs, 1 hit, 0 errors, 2 left on base; Charleston 3 - Quad Cities 1 |
BOTTOM OF THE 8TH |
Quad Cities River Bandits batting - Pitching for Charleston RiverDogs : RHP Greg Ritchie
|
Batting: LHB Glenn Lowther
|
0-0: Called Strike 0-1: Fly out, F7 (Line Drive, 7, EV 86.9 MPH)
|
Batting: RHB Sean Mounts
|
0-0: Ball 1-0: Called Strike 1-1: Called Strike 1-2: Foul Ball, location: 2F 1-2: Ball 2-2: Ball 3-2: Foul Ball, location: 2F 3-2: SINGLE (Groundball, 56D, EV 101.2 MPH)
|
Batting: LHB Danny Wolver
|
0-0: Ball 1-0: Swinging Strike 1-1: Fly out, F8 (Flyball, 8LM, EV 88.1 MPH)
|
Batting: RHB Andrew Pride
|
0-0: Ball 1-0: Fly out, F7 (Line Drive, 7, EV 87.5 MPH)
|
Bottom of the 8th over - 0 runs, 1 hit, 0 errors, 1 left on base; Charleston 3 - Quad Cities 1 |
TOP OF THE 9TH |
Charleston RiverDogs batting - Pitching for Quad Cities River Bandits : RHP Carlos Zavala
|
Pitching: RHP Gabe Torres
|
|
Batting: RHB Louwe Starmans
|
0-0: Ball 1-0: Foul Ball, location: 2F 1-1: Ball 2-1: Ball 3-1: Called Strike 3-2: Foul Ball, location: 2F 3-2: DOUBLE (Flyball, 8LXD, EV 106.2 MPH)
|
Batting: RHB Bobby White
|
0-0: Ball 1-0: Ball 2-0: Called Strike 2-1: Ball 3-1: Base on Balls
|
Batting: LHB Justin O'Neal
|
0-0: Bunt missed! 0-1: Bunted foul 0-2: Strikes out swinging
|
Batting: SHB Corey Penson
|
0-0: Ball 1-0: Ball 2-0: Swinging Strike 2-1: Called Strike 2-2: Strikes out looking
|
Batting: LHB Steve LeGrand
|
0-0: Called Strike 0-1: Ball 1-1: Ball 2-1: DOUBLE (Line Drive, 78M, EV 113.8 MPH) Louwe Starmans scores Bobby White to third
|
Batting: RHB Bill Nguyen-Tan
|
0-0: Called Strike 0-1: Ball 1-1: Ball 2-1: Ball 3-1: Base on Balls
|
Batting: RHB Iften Olujimi
|
0-0: Ball 1-0: Ball 2-0: Called Strike 2-1: Ball 3-1: Base on Balls Bobby White scores Steve LeGrand to third Bill Nguyen-Tan to second
|
Batting: RHB Jonathan Iniguez
|
0-0: Ball 1-0: Ball 2-0: Called Strike 2-1: Ball 3-1: Base on Balls Steve LeGrand scores Bill Nguyen-Tan to third Iften Olujimi to second
|
Batting: RHB Mike Zern
|
0-0: Ball 1-0: Ball 2-0: Fly out, F7 (Line Drive, 78S, EV 105.6 MPH)
|
Top of the 9th over - 3 runs, 2 hits, 0 errors, 3 left on base; Charleston 6 - Quad Cities 1 |
BOTTOM OF THE 9TH |
Quad Cities River Bandits batting - Pitching for Charleston RiverDogs : RHP Greg Ritchie
|
Batting: RHB Edgar Trejo
|
0-0: Ball 1-0: SINGLE (Groundball, 4MD, EV 105.6 MPH)
|
Batting: LHB Fernando Gomez
|
0-0: Ball 1-0: Foul Ball, location: 2F 1-1: Called Strike 1-2: SINGLE (Line Drive, 6MD, EV 100.6 MPH) Edgar Trejo to second
|
Batting: RHB Derek Moran
|
0-0: Called Strike 0-1: Called Strike 0-2: Ball 1-2: Foul Ball, location: 2F 1-2: SINGLE (Groundball, 56S, EV 68.8 MPH) (infield hit) Edgar Trejo to third Fernando Gomez to second
|
Pitching: RHP Khayyat bin Faruq
|
|
Batting: LHB Jackson Trottier
|
0-0: Called Strike 0-1: Called Strike 0-2: DOUBLE (Line Drive, 78D, EV 104.4 MPH) Edgar Trejo scores Fernando Gomez scores Derek Moran to third
|
Pinch Hitting: LHB Bob Govella
|
0-0: Ball 1-0: SINGLE (Flyball, 78M, EV 96.9 MPH) Derek Moran scores Jackson Trottier to third
|
Batting: LHB Glenn Lowther
|
0-0: Called Strike 0-1: Ball 1-1: Ball 2-1: Ball 3-1: Base on Balls Bob Govella to second
|
Batting: RHB Sean Mounts
|
0-0: SINGLE (Line Drive, 8RS, EV 105.6 MPH) Jackson Trottier scores Bob Govella to third Glenn Lowther to second Runner from 3rd tries for Home, SAFE, throw by CF to trailing runner, OUT at third! 8-3-5
|
Batting: LHB Danny Wolver
|
0-0: Swinging Strike 0-1: Called Strike 0-2: Ball 1-2: Foul Ball, location: 2F 1-2: Foul Ball, location: 2F 1-2: Foul Ball, location: 2F 1-2: 2-RUN HOME RUN (Flyball, 89XD, EV 110.6 MPH), Distance : 432 ft
|
Bottom of the 9th over - 7 runs, 7 hits, 0 errors, 0 left on base; Charleston 6 - Quad Cities 8 |
|